 Dungeon Crawl Stone Soup version 0.29.1-15-g9cfb28693d (webtiles) character file.

Game seed: 17065622163582776982

33300 CatalinOSBI the Necromancer (level 13, -1/67 (69) HPs)
             Began as a Deep Elf Necromancer on Apr 4, 2023.
             Was a Priest of Ashenzari.
             Slain by a spectral torpor snail (11 damage)
             ... in a Gauntlet on Apr 5, 2023.
             The game lasted 03:57:49 (27088 turns).

CatalinOSBI the Necromancer (Deep Elf Necromancer) Turns: 27088, Time: 03:57:49

HP:   -1/67 (69)    AC: 10    Str:  5      XL:     13   Next: 36%
MP:   7/33          EV: 14    Int: 23 (26) God:    Ashenzari [***...]
Gold: 809           SH:  0    Dex: 18      Spells: 2/40 levels left

rFire   + . .      SeeInvis +   d - +9 mace "Impu" {drain, +Blink rPois rF+}
rCold   + . .      Faith    +   (no shield)
rNeg    . . .      Spirit   .   y - +0 robe
rPois   +          Reflect  .   b - +2 hat of Supernal Understanding {Self, Cun} (curse)
rElec   .          Harm     .   s - +0 cloak of Apeoromancy {Bglg, Fort} (curse)
rCorr   .          Rampage  .   C - +2 pair of gloves of the Profound Pleiades {Dex+3, Alch, Elem} (curse)
Will    +....      Clarity  +   i - +1 pair of boots of the Bound Harvest Moon {Melee, Alch} (curse)
Stlth   +++....... NoTele   +   k - amulet of faith
HPRegen 0.21/turn               I - ring of protection from cold
MPRegen 0.23/turn               z - ring "Anxiety of Ashenzari" {rPois, Elem, Fort} (curse)

@: slowed, lightly drained, very slow
A: no striking features
a: Renounce Religion, Evoke Blink, Shatter the Chains


You were in a Gauntlet.
You worshipped Ashenzari.
Ashenzari was most pleased with you.
You visited 3 branches of the dungeon, and saw 15 of its levels.
You also visited: Gauntlet.

You collected 858 gold pieces.
You spent 49 gold pieces at shops.

Inventory:

Hand Weapons
 d - the +9 mace "Impu" (weapon) {drain, +Blink rPois rF+}
   (You found it on level 11 of the Dungeon)

   A truly terrible weapon, it drains the life of any living foe it strikes.
   rF:        It protects you from fire.
   rPois:     It protects you from poison.
   +Blink:    It lets you blink.
 K - a +2 short sword of venom
Missiles
 l - 3 throwing nets
 u - 12 poisoned darts
 F - 5 large rocks
 J - 3 stones
Armour
 b - the cursed +2 hat of Supernal Understanding (worn) {Self, Cun}
   (You found it on level 6 of the Dungeon)

   It has a curse which improves the following skills: Introspection: Fighting
   and Spellcasting.
   Cunning:   Dodging and Stealth.
 e - a +0 barding
 f - a +0 troll leather armour
 i - the cursed +1 pair of boots of the Bound Harvest Moon (worn) {Melee, Alch}
   (You bought it in a shop on level 6 of the Dungeon)

   It has a curse which improves the following skills: Melee Combat: Short
   Blades, Long Blades, Axes, Maces & Flails, Polearms, Staves and Unarmed
   Combat.
   Alchemy:   Poison Magic and Transmutations.
 s - the cursed +0 cloak of Apeoromancy (worn) {Bglg, Fort}
   (You found it on level 5 of the Dungeon)

   It has a curse which improves the following skills: Beguiling: Conjurations,
   Hexes and Translocations.
   Fortitude: Armour and Shields.
 x - an orb of energy
 y - a +0 robe (worn)
 C - the cursed +2 pair of gloves of the Profound Pleiades (worn) {Dex+3, Alch, Elem}
   (You found it on level 8 of the Dungeon)

   It has a curse which improves the following skills: Alchemy: Poison Magic and
   Transmutations.
   Elements:  Fire Magic, Ice Magic, Air Magic and Earth Magic.
 E - a +1 cloak of preservation
 H - +0 acid dragon scales
Magical Staves
 A - a staff of poison
Jewellery
 c - a ring of willpower
 j - a +4 ring of slaying
 k - an amulet of faith (around neck)
 z - the cursed ring "Anxiety of Ashenzari" (right hand) {rPois, Elem, Fort}
   (You found it on level 7 of the Dungeon)

   [ring of poison resistance]

   rPois:     It protects you from poison.
   It has a curse which improves the following skills: Elements: Fire Magic, Ice
   Magic, Air Magic and Earth Magic.
   Fortitude: Armour and Shields.
 B - a ring of positive energy
 I - a ring of protection from cold (left hand)
 M - a ring of ice
Wands
 n - a wand of polymorph (6)
 N - a wand of digging (6)
Scrolls
 g - 5 scrolls of identify
 h - a scroll of teleportation
 m - a scroll of poison
 o - 2 scrolls of magic mapping
Potions
 a - a potion of magic
 p - 2 potions of resistance
 q - 2 potions of flight
 r - 4 potions of cancellation
 t - 3 potions of degeneration
 v - 2 potions of might
 D - a potion of attraction
Miscellaneous
 G - a condenser vane (inert)


   Skills:
 - Level 2.3(3.6) Fighting
 - Level 4.7(6.3) Maces & Flails
 - Level 2.7(4.1) Dodging
 - Level 2.7(4.1) Stealth
 - Level 12.9(14.4) Spellcasting
 * Level 1.7 Summonings
 + Level 17.0 Necromancy
 - Level 13.8(16.2) Poison Magic
 - Level 6.1 Evocations


You had 2 spell levels left.
You knew the following spells:

 Your Spells              Type           Power      Damage    Failure   Level
a - Necrotise             Necr           100%       1d9       0%          1
b - Vampiric Draining     Necr           76%        2d11      0%          3
c - Animate Dead          Necr           76%        N/A       1%          4
d - Agony                 Necr           76%        N/A       1%          5
e - Ensorcelled Hibernat  Hex/Ice        34%        N/A       4%          2
f - Anguish               Hex/Necr       27%        N/A       1%          4
g - Poisonous Vapours     Pois/Air       100%       N/A       1%          2
h - Death Channel         Necr           38%        N/A       1%          6
i - Olgreb's Toxic Radia  Pois           74%        N/A       1%          4
j - Call Canine Familiar  Summ           24%        N/A       5%          3
k - Dispel Undead         Necr           76%        3d25      1%          4

Your spell library contained the following spells:

 Spells                   Type           Power      Damage    Failure   Level
 Sting                    Tmut/Pois      100%       1d8       1%          1
 Foxfire                  Conj/Fire      68%        2x1d7     3%          1
 Magic Dart               Conj           68%        1d6       3%          1
 Searing Ray              Conj           34%        2d5       4%          2
 Spider Form              Tmut/Pois      53%        N/A       1%          3
 Conjure Flame            Conj/Fire      17%        6-21      10%         3
 Inner Flame              Hex/Fire       17%        N/A       10%         3
 Portal Projectile        Hex/Tloc       34%        N/A       10%         3
 Stone Arrow              Conj/Erth      34%        3d9       10%         3
 Simulacrum               Ice/Necr       27%        N/A       16%         6
 Animate Armour           Summ/Erth      42%        N/A       22%         4
 Flame Wave               Conj/Fire      17%        2d7       32%         4
 Fulminant Prism          Conj/Hex       8%         3d7       32%         4
 Leda's Liquefaction      Hex/Erth       8%         N/A       32%         4
 Haunt                    Necr/Summ      28%        N/A       54%         7
 Death's Door             Necr           38%        N/A       98%         9
 Storm Form               Tmut/Air       9%         N/A       100%        7
 Lehudib's Crystal Spear  Conj/Erth      8%         10d4      100%        8


Dungeon Overview and Level Annotations

Branches:
Dungeon (12/15)            Temple (0/1) D:7            Lair (1/5) D:9
    Orc (2/2) D:10        Gauntlet (1/1)
    Elf: Orc:2

Altars:
Ashenzari
Gozag
Uskayaw

Shops:
D:2 :   D:6 ([   D:8 (***   Orc:2 ((

Annotations:
D:4 exclusion: downstairs
Orc:2 Saint Roka Gauntlet 7 transporters, 1 runed translucent door


Message History

You feel drained.
* * * LOW HITPOINT WARNING * * *
You swap places.
Found a gate leading back out of this place.
The death scarab bites your fire bat zombie!!
The death scarab drains your fire bat zombie's vigour!
Your fire bat zombie seems to slow down.
Your fire bat zombie barely misses the death scarab.
The death scarab bites your fire bat zombie!!
Your fire bat zombie is destroyed!
Something bites your fire bat zombie!!
Aiming: Dig
Press: ? - help, Q - select action, (/) - cycle Shift-Dir - straight line, f - you Please select a direction to dig.
Okay, then.
Aiming: Polymorph
Press: ? - help, Q - select action, (/) - cycle Shift-Dir - straight line, f - fire bat zombie
Aim: a fire bat zombie (severely damaged, friendly, not susceptible)
Okay, then.
Clouds of poison gas condense around you!
The condenser dries out!
The spectral torpor snail bites your fire bat zombie.
Casting: Dispel Undead (safe; 1% risk of failure)
Confirm with . or Enter, or press ? or * to list all spells.
Aiming: Dispel Undead (safe; 1% risk of failure)
Press: ? - help, Shift-Dir - straight line, f/p - spectral torpor snail
Aim: a spectral torpor snail (heavily damaged, 100% to hit)
The spectral torpor snail is dispelled!!
The spectral torpor snail completely misses you.
Casting: Dispel Undead (safe; 1% risk of failure)
Confirm with . or Enter, or press ? or * to list all spells.
Nothing appears to happen.
The spectral torpor snail bites you but does no damage.
The spectral torpor snail closely misses you.
The spectral torpor snail bites you but does no damage.
Casting: Call Canine Familiar (dangerous; 5% risk of failure)
Confirm with . or Enter, or press ? or * to list all spells.
Nothing appears to happen.
The spectral torpor snail misses you. The spectral torpor snail bites you!
You die...

## ## ## ## ### ##
≈###≈###≈###≈###≈###≈##
≈≈#≈≈≈#≈≈≈#≈≈≈#≈≈≈#≈≈≈#
....................≈#
#######...#########.##**
..#...#.⌠.##.#.#@##.≈##
#.#.#?#...#.#.#Z#Z#.≈≈#
#.#.#.######.#B#Z##.≈##
, ,
##©##©#©.©#.#§#.#©#.##
#.#.#.#.⌠.##.#.#.##..#*,
,
#.#.#.#...#.#.#.#|#...#
*
..#...#.⌠.##.#.#.##.∩.#.
#######...#########...#.
**
......#.⌠.....#.....⌠.#
, ,


You could see 2 spectral torpor snails, a death scarab and a friendly fire bat
zombie.

Vanquished Creatures
  4 two-headed ogres
  2 death scarabs (Gauntlet)
  A fire crab (Gauntlet)
  A spectral death yak (Gauntlet)
  6 orc knights
  An orc sorcerer (Orc:2)
  A cyclops (D:11)
  An unseen horror (D:11)
  A komodo dragon (D:9)
  A cane toad (D:9)
  2 kobold demonologists (D:10)
  7 trolls
  A spectral black mamba (Gauntlet)
  A wyvern (D:10)
  3 fire bats (Gauntlet)
  A basilisk (D:11)
  8 yaks
  A vampire mosquito (D:11)
  12 wargs
  4 water moccasins
  A hell hound (D:11)
  2 acid dragons
  20 orc warriors
  2 sky beasts (D:7)
  A spectral torpor snail (Gauntlet)
  2 black bears
  5 ogres
  3 centaurs
  8 bullfrogs
  6 gnoll sergeants
  A necrophage (D:5)
  A wight (D:8)
  4 killer bees (D:8)
  3 howler monkeys (D:11)
  2 jellies
  5 hounds
  11 orc priests
  4 gnoll boudas
  5 iguanas
  Natasha (thrice) (D:3)
  14 orc wizards
  26 gnolls
  4 adders
  2 shadow imps (D:6)
  2 white imps (D:7)
  A worm (D:2)
  5 dart slugs
  82 orcs
  7 bats
  5 endoplasms
  6 giant cockroaches
  A gnoll zombie (D:5)
  2 goblins
  8 hobgoblins
  5 jackals
  2 quokkas
  5 ball pythons
  3 frilled lizards
  12 kobolds
  3 rats
343 creatures vanquished.

Vanquished Creatures (collateral kills)
  2 two-headed ogres (D:11)
  The ghost of GailPale the Thaumaturge, a journeyman DjFE of Ru (D:10)
  Urug (Orc:2)
  Sonja (D:10)
  Maurice (D:9)
  A cyclops (D:11)
  2 trolls
  6 yaks
  6 wargs
  2 water moccasins (D:9)
  An orc warrior (D:11)
  2 ogres
  3 kobold brigands
  2 bullfrogs (D:9)
  5 gnoll sergeants
  A scorpion (D:9)
  9 wights
  2 killer bees (D:8)
  2 howler monkeys (D:11)
  An orc priest (D:11)
  4 gnoll boudas
  An iguana (D:6)
  An orc wizard (D:9)
  A white imp (D:6)
  2 ufetubi (D:6)
  11 orcs
  A jackal (D:1)
  4 kobolds
  2 frilled lizards (D:1)
78 creatures vanquished.

Vanquished Creatures (others)
  Fannar (D:10)
  A two-headed ogre (Orc:2)
  An ogre mage (D:11)
  An orc sorcerer (Orc:2)
  A kobold demonologist (D:10)
  A troll (D:10)
  A vampire (D:11)
  A yak (D:9)
  A wraith (D:9)
  A warg (Orc:2)
  A vampire mosquito (D:11)
  2 fire bat zombies (Gauntlet)
  9 orc warriors
  An ogre (Orc:2)
  A centaur (D:9)
  A phantom (D:4)
  A kobold brigand (D:8)
  A fire crab zombie (Gauntlet)
  4 wights
  3 warg zombies
  A troll zombie (D:11)
  12 yak zombies
  2 bullfrog zombies (D:6)
  A centaur zombie (D:8)
  4 orc priests
  A basilisk zombie (D:11)
  An orc wizard (D:11)
  5 killer bee zombies (D:8)
  A sky beast zombie (D:7)
  2 ogre zombies (Orc:2)
  A kobold zombie (D:11)
  2 hound zombies (D:6)
  4 gnolls (D:10)
  A white imp (D:8)
  6 orcs
  23 gnoll zombies
  A kobold (D:8)
  71 orc zombies
  30 fungi
  45 plants
  A withered plant (Gauntlet)
249 creatures vanquished.

Grand Total: 670 creatures vanquished

Notes
Turn   | Place    | Note
-------+----------+-------------------------------------------
     0 | D:1      | CatalinOSBI the Deep Elf Necromancer began the quest for
                  | the Orb.
     0 | D:1      | Reached XP level 1. HP: 10/10 MP: 6/6
   171 | D:1      | Reached XP level 2. HP: 15/15 MP: 6/8
   201 | D:1      | Reached skill level 5 in Necromancy
   764 | D:1      | Reached XP level 3. HP: 20/20 MP: 6/10
  1263 | D:2      | Found a faded altar of an unknown god.
  1345 | D:2      | Found Saeritze's Book Shop.
  1619 | D:2      | Learned a level 3 spell: Vampiric Draining
  2048 | D:3      | Reached skill level 1 in Fighting
  2048 | D:3      | Reached XP level 4. HP: 25/25 MP: 10/12
  2295 | D:3      | Noticed Natasha
  2300 | D:3      | Killed Natasha
  2465 | D:3      | Found a broken altar of Ashenzari.
  2466 | D:3      | Noticed Natasha
  2468 | D:3      | Became a worshipper of Ashenzari the Shackled
  2493 | D:3      | Killed Natasha
  2982 | D:3      | Noticed Natasha
  2985 | D:3      | Killed Natasha
  2986 | D:3      | Reached skill level 5 in Spellcasting
  2986 | D:3      | Reached skill level 6 in Necromancy
  2986 | D:3      | Reached XP level 5. HP: 23/29 MP: 3/14
  3269 | D:4      | Noticed a phantom
  4128 | D:5      | Entered Level 5 of the Dungeon
  4163 | D:5      | Learned a level 4 spell: Animate Dead
  4237 | D:5      | Noticed a black bear
  4300 | D:5      | Reached XP level 6. HP: 35/35 MP: 5/17
  4461 | D:5      | Reached skill level 7 in Necromancy
  4621 | D:5      | Reached * piety under Ashenzari
  4934 | D:5      | Reached XP level 7. HP: 8/40 MP: 16/20
  5503 | D:5      | Reached skill level 8 in Necromancy
  6188 | D:6      | Reached XP level 8. HP: 22/46 MP: 17/23
  6370 | D:6      | Reached skill level 9 in Necromancy
  6590 | D:6      | Reached skill level 10 in Spellcasting
  6596 | D:6      | Reached skill level 10 in Necromancy
  6735 | D:6      | Learned a level 5 spell: Agony
  6781 | D:6      | Reached ** piety under Ashenzari
  6782 | D:6      | Found Qupo's Armour Shop.
  6884 | D:6      | Bought a +0 pair of boots for 49 gold pieces
  7092 | D:6      | Reached XP level 9. HP: 52/52 MP: 27/27
  8207 | D:6      | Found Lyices's Weapon Emporium.
  8814 | D:7      | Reached skill level 11 in Necromancy
  9837 | D:7      | Found a staircase to the Ecumenical Temple.
 10300 | D:8      | Found Tudoc's General Store.
 10320 | D:8      | Reached skill level 12 in Necromancy
 11460 | D:8      | Learned a level 2 spell: Ensorcelled Hibernation
 11465 | D:8      | Learned a level 4 spell: Anguish
 11468 | D:8      | Learned a level 2 spell: Poisonous Vapours
 11470 | D:8      | Learned a level 1 spell: Sting
 11480 | D:8      | Found Towiwogoets's General Store.
 11490 | D:8      | Reached skill level 1 in Poison Magic
 11603 | D:8      | Found Qeutarcho's Antique Weapon Emporium.
 11642 | D:8      | Reached XP level 10. HP: 56/56 MP: 24/30
 11780 | D:8      | Found Volust's General Store.
 11835 | D:8      | Found an opulent altar of Gozag.
 11835 | D:8      | Found a hide-covered altar of Uskayaw.
 13325 | D:9      | Reached skill level 5 in Poison Magic
 13692 | D:9      | Noticed Maurice
 13700 | D:9      | Killed Maurice
 14308 | D:9      | Found a staircase to the Lair.
 14487 | D:9      | Reached *** piety under Ashenzari
 14855 | Lair:1   | Entered Level 1 of the Lair of Beasts
 14855 | Lair:1   | Noticed a cane toad
 14855 | Lair:1   | Noticed a cane toad
 14855 | Lair:1   | Noticed a cane toad
 14855 | Lair:1   | Noticed a cane toad
 14865 | D:9      | Killed a cane toad
 15202 | D:10     | Entered Level 10 of the Dungeon
 15697 | D:10     | Found a staircase to the Orcish Mines.
 15719 | D:10     | Noticed Fannar
 15732 | D:10     | Killed Fannar
 15733 | D:10     | Reached skill level 13 in Necromancy
 15761 | D:10     | Found a runed translucent door.
 15893 | D:10     | Reached **** piety under Ashenzari
 15912 | D:10     | Noticed GailPale's ghost (journeyman DjFE)
 15913 | D:10     | Reached XP level 11. HP: 57/62 MP: 16/32
 16228 | D:10     | Reached skill level 1 in Evocations
 16405 | D:10     | Learned a level 4 spell: Olgreb's Toxic Radiance
 16527 | D:10     | Noticed Sonja
 16535 | D:10     | Killed Sonja
 16588 | D:10     | Noticed a sun demon
 16610 | D:10     | Reached skill level 10 in Poison Magic
 16788 | D:10     | Killed GailPale's ghost
 17109 | Orc:1    | Entered Level 1 of the Orcish Mines
 17137 | D:10     | Reached skill level 14 in Necromancy
 17604 | Orc:1    | Noticed an orc knight
 17613 | Orc:1    | Killed an orc knight
 17901 | Orc:1    | Reached skill level 5 in Evocations
 18392 | Orc:2    | Entered Level 2 of the Orcish Mines
 18460 | Orc:2    | Noticed an orc knight
 18468 | Orc:2    | Killed an orc knight
 18734 | Orc:2    | Noticed a two-headed ogre
 18753 | Orc:2    | Killed a two-headed ogre
 18803 | Orc:2    | Noticed Urug
 18813 | Orc:2    | Killed Urug
 18814 | Orc:2    | Reached XP level 12. HP: 61/67 MP: 3/33
 19601 | Orc:2    | Reached skill level 15 in Necromancy
 19612 | Orc:2    | Noticed an orc high priest
 19616 | Orc:2    | Found Zisees's Antique Weapon Boutique.
 19764 | Orc:2    | Found Ucijifa's Weapon Shop.
 19878 | Orc:2    | Noticed a two-headed ogre
 19884 | Orc:2    | Killed a two-headed ogre
 20453 | Orc:2    | Identified a scroll of acquirement
 20829 | Orc:2    | Noticed Saint Roka
 21065 | Orc:2    | Noticed a two-headed ogre
 21124 | Orc:2    | a two-headed ogre changed into a water moccasin
 21140 | Orc:2    | Reached skill level 16 in Necromancy
 22897 | D:11     | Identified the +0 ring mail "Meahizia" {rC- Dex+5}
 22935 | D:11     | HP: 2/67 [warg (7)]
 23655 | D:11     | Identified the +9 mace "Impu" {drain, +Blink rPois rF+}
 23836 | D:11     | Noticed a two-headed ogre
 23845 | D:11     | Killed a two-headed ogre
 23860 | D:11     | Noticed a two-headed ogre
 23868 | D:11     | Killed a two-headed ogre
 23869 | D:11     | Noticed an ogre mage
 23877 | D:11     | Noticed a two-headed ogre
 23885 | D:11     | Killed an ogre mage
 23894 | D:11     | Killed a two-headed ogre
 24000 | D:11     | Reached XP level 13. HP: 72/72 MP: 4/34
 24159 | D:11     | Reached skill level 1 in Maces & Flails
 24760 | D:11     | Learned a level 3 spell: Call Canine Familiar
 25532 | D:11     | Learned a level 3 spell: Inner Flame
 26644 | D:12     | Found a gate leading to a gauntlet.
 26656 | Gauntlet | Entered a Gauntlet
 26656 | Gauntlet | Found a transporter.
 26656 | Gauntlet | Found a runed translucent door.
 26656 | Gauntlet | Found a transporter.
 26657 | Gauntlet | Found a runed translucent door.
 26660 | Gauntlet | Found a transporter.
 26663 | Gauntlet | Found a transporter.
 26664 | Gauntlet | Found a transporter.
 26664 | Gauntlet | Found a transporter.
 26665 | Gauntlet | Identified the Vademecum on the Discontinuous Zephyr
 26715 | Gauntlet | Acquired Huacs's Verses on the Necrotic Sky
 26736 | Gauntlet | Learned a level 6 spell: Death Channel
 26861 | Gauntlet | Found a transporter.
 26864 | Gauntlet | Found a transporter.
 26865 | Gauntlet | Found a transporter.
 26865 | Gauntlet | Found a transporter.
 26889 | Gauntlet | Learned a level 4 spell: Dispel Undead
 27051 | Gauntlet | Found a transporter.
 27051 | Gauntlet | Identified the ring of Nufuh {rC+ Dex+3 SInv}
 27051 | Gauntlet | Identified the amulet of Umpeago {Acrobat rC++ Dex+5}
 27052 | Gauntlet | Found a transporter.
 27082 | Gauntlet | Reached skill level 1 in Summonings
 27082 | Gauntlet | Reached skill level 17 in Necromancy
 27088 | Gauntlet | Slain by a spectral torpor snail

Illustrated notes

Levels and vault maps discovered:
D:1:      nagdon_arrival_zigzag_paths, layout_basic, fountainhead,
          minmay_door_square, minmay_crystal_water, st_stairs_4,
          chequers_serial_rivers_micro_c
D:2:      layout_basic, serial_shops, nicolae_shop_waterfront,
          shapermc_ecumenical_altar_totnotflames
D:3:      layout_basic, ashenzari_conservatory_becter, uniq_natasha
D:4:      layout_gridville
D:5:      layout_gridville, kennysheep_crisscross
D:6:      layout_rooms, serial_shops, shop, nicolae_shop_stone,
          serial_co_window_serial, co_window_corner_a, co_window_paths_a,
          co_window_corner_a, co_window_paths_b, co_window_paths_a,
          co_window_paths_b, co_window_of_opportunity_a, co_window_broadway_a,
          co_window_corner_ca, co_window_2corner, co_window_unsneaky_path_e,
          co_window_unsneaky_path_a, co_window_2corner, glass_columns_b,
          glass_columns_a, glass_columns_b, glass_columns_b
D:7:      layout_loops_ring, minmay_temple_entry_junction_2,
          grunt_ministairs_15, st_stairs_14, grunt_ogre_cave
D:8:      layout_basic, amethyst_overflow_temple_binary, serial_glass,
          glass_columns_a, glass_columns_b, serial_shops,
          nicolae_shop_advertising_works [nicolae_subvault_shop_adworks],
          nicolae_shop_trees, shop_statue, nicolae_diamond_shop, grunt_decor_cap
D:9:      layout_irregular_city, due_lair_maze_entry_diamond, uniq_maurice
D:10:     layout_roguey, hiddenorc1_lemuel, hellmonk_ghost_happy_afterlife,
          uniq_fannar, uniq_sonja
D:11:     lemuel_castle_with_subvaults [lemuel_castle_interior_carwin_2],
          layout_irregular_city
D:12:     layout_roguey, serial_demonic, serial_demonic_c, serial_demonic_b,
          serial_demonic_e, serial_demonic_e, gauntlet_entry_generic,
          uniq_josephine
Lair:1:   layout_layer_cave, gammafunk_ghost_abyssal_escape,
          beast_lair_carwin_2, grunt_megastairs_4
Orc:1:    cheibrodos_orc_guarddog, layout_caves, minmay_orc_barracks
Orc:2:    pubby_orc_utopia, uniq_urug
Gauntlet: minmay_gauntlet_77_indecision [minmay_gauntlet_arena_77_double_cross,
          minmay_gauntlet_arena_77_cramped, minmay_gauntlet_arena_77_two_paths,
          minmay_gauntlet_arena_77_box, minmay_gauntlet_arena_77_checkered,
          minmay_gauntlet_arena_77_terracotta_army, gauntlet_exit_watery]

Skill      XL: |  1  2  3  4  5  6  7  8  9 10 11 12 13 |
---------------+----------------------------------------+-----
Necromancy     | 5 6 7 8 10 12 13 14 16 17 | 17.0
Spellcasting   | 4 5 7 8 10 12 | 12.9
Fighting       | 1 2 |  2.3
Poison Magic   | 2 9 11 13 | 13.8
Evocations     | 6 |  6.1
Maces & Flails | 4 |  4.7
Summonings     | 1 |  1.7
Dodging        | |  2.7
Stealth        | |  2.7

Action                   |  1- 3 |  4- 6 |  7- 9 | 10-12 | 13-15 || total
-------------------------+-------+-------+-------+-------+-------++-------
Melee: Unarmed           |     1 |       |       |       |       ||     1
       Short sword       |       |     2 |    40 |    69 |       ||   111
       Punch             |       |       |     1 |     3 |     1 ||     5
       Mace              |       |       |       |    20 |    11 ||    31
 Cast: Necrotise         |    66 |    74 |    80 |    88 |    20 ||   328
       Vampiric Draining |       |    20 |    71 |   128 |    21 ||   240
       Animate Dead      |       |     3 |    11 |    23 |     5 ||    42
       Poisonous Vapours |       |       |     4 |    49 |     2 ||    55
       Anguish           |       |       |     4 |    91 |    13 ||   108
       Agony             |       |       |     3 |     9 |     8 ||    20
       Sting             |       |       |       |    37 |       ||    37
       Ensorcelled Hiber |       |       |       |     3 |       ||     3
       Olgreb's Toxic Ra |       |       |       |    82 |    15 ||    97
       Call Canine Famil |       |       |       |       |    10 ||    10
       Dispel Undead     |       |       |       |       |     9 ||     9
       Death Channel     |       |       |       |       |     1 ||     1
Invok: Curse Item        |       |     2 |     1 |     4 |       ||     7
       Shatter the Chain |       |       |       |     1 |     1 ||     2
 Abil: Evoke Blink       |       |       |       |       |     3 ||     3
Evoke: Wand              |       |     5 |     8 |    17 |       ||    30
       Condenser vane    |       |       |       |       |     1 ||     1
  Use: Scroll            |     6 |     1 |     3 |     6 |     3 ||    19
       Potion            |     2 |     1 |    10 |     9 |       ||    22
 Stab: Sleeping          |       |       |       |     3 |       ||     3
       Distracted        |       |       |       |       |     1 ||     1
Armor: Robe              |     1 |     2 |    36 |    82 |    18 ||   139
Dodge: Dodged            |     2 |    23 |    87 |   251 |    44 ||   407
